 Dungeon Crawl Stone Soup version 0.21.1-1-g345015f (webtiles) character file.

527125 GreatBrownShark the Hoplite (level 27, -4/226 HPs)
             Began as a Formicid Fighter on June 25, 2018.
             Was the Champion of Qazlal.
             Slain by an azure jelly (6 damage)
             ... created by the Royal Jelly
             ... on level 4 of the Pits of Slime on June 26, 2018.
             The game lasted 06:03:34 (84061 turns).

GreatBrownShark the Hoplite (Formicid Fighter)     Turns: 84061, Time: 06:03:35

Health: -4/226     AC: 25    Str: 24 (25) XL:     27
Magic:  25/32      EV: 17    Int:  5 (6)  God:    Qazlal [******]
Gold:   3648       SH: 34    Dex: 15      Spells: 26/26 levels left

rFire    + . .     SeeInvis +   L - +18 lance "Wyrmbane" {slay drac, rPois rF+ rC+ AC+3}
rCold    + + +     Gourm    .   T - +2 large shield
rNeg     + + .     Faith    .   Z - +0 plate armour {rC+}
rPois    +         Spirit   .   (helmet unavailable)
rElec    .         Reflect  .   j - +1 cloak {+Inv}
rCorr    +         Harm     .   a - +2 pair of gloves
MR       +++++     Clarity  +   (no boots)
Stlth    ..........             O - amulet of the Four Winds {rN+ MR+++ Clar}
HPRegen  0.47/turn              p - ring of resist corrosion
MPRegen  0.23/turn              m - ring of positive energy

@: protected from cold, corroded, studying Long Blades, repel missiles
A: permanent stasis, dig shafts and tunnels, four strong arms, antennae 3,
blurry vision 2, deterioration 2, dopey 2, low mp 1, screaming 1, weak 1, no
potion heal 1
}: 2/15 runes: serpentine, barnacled
a: Dig, Shaft Self, Upheaval, Elemental Force, Disaster Area, Renounce Religion,
Evoke Invisibility


You were on level 4 of the Pits of Slime.
You worshipped Qazlal.
Qazlal was exalted by your worship.
You were not hungry.

You visited 9 branches of the dungeon, and saw 46 of its levels.
You also visited: Ossuary and Desolation.

You collected 5387 gold pieces.
You spent 1739 gold pieces at shops.

Inventory:

Hand Weapons
 L - the +18 lance "Wyrmbane" (weapon) {slay drac, rPois rF+ rC+ AC+3}
   (You bought it in a shop on level 10 of the Dungeon)

   It affects your AC (+3).
   It protects you from fire.
   It protects you from cold.
   It protects you from poison.
Missiles
 Q - 6 throwing nets (quivered)
Armour
 a - a +2 pair of gloves (worn)
 j - a +1 cloak of invisibility (worn)
 T - a +2 large shield (worn)
 Z - a +0 plate armour of cold resistance (worn)
Jewellery
 m - a ring of positive energy (right hand)
 p - a ring of resist corrosion (left hand)
 O - the amulet of the Four Winds (around neck) {rN+ MR+++ Clar}
   (You found it on level 4 of the Shoals)

   [amulet of nothing]

   It protects you from negative energy.
   It affects your resistance to hostile enchantments.
   It protects you against confusion.
Wands
 g - a wand of enslavement (17)
 i - a wand of digging (13)
 u - a wand of acid (46)
 v - a wand of flame (100)
 y - a wand of clouds (15)
 A - a wand of iceblast (33)
 B - a wand of paralysis (81)
 G - a wand of disintegration (40)
 I - a wand of polymorph (32)
 J - a wand of random effects (158)
Scrolls
 c - a scroll of vulnerability
 e - a scroll of torment
 h - 17 scrolls of remove curse
 n - 3 scrolls of enchant weapon
 q - 12 scrolls of identify
 s - 6 scrolls of fog
 w - a scroll of enchant armour
 x - 8 scrolls of magic mapping
 z - a scroll of silence
 D - 6 scrolls of amnesia
 P - a scroll of summoning
 U - a scroll of fear
 V - 3 scrolls of immolation
 Y - a scroll of acquirement
Potions
 b - 4 potions of cancellation
 d - a potion of might
 k - 17 potions of curing
 l - 5 potions of flight
 o - a potion of agility
 r - 7 potions of mutation
 t - a potion of invisibility
 C - a potion of heal wounds
 E - 5 potions of brilliance
 F - 6 potions of magic
 K - 4 potions of lignification
 N - 3 potions of ambrosia
Books
 W - a manual of Long Blades
Miscellaneous
 H - 4 phantom mirrors
 M - a lamp of fire
 S - a box of beasts
 X - a lightning rod (4/4)
Comestibles
 f - 43 rations


   Skills:
 - Level 20.4 Fighting
   Level 2.0 Maces & Flails
 - Level 13.4 Polearms
 - Level 20.3 Armour
 - Level 16.6 Dodging
 - Level 21.9 Shields
 - Level 18.0 Invocations
 + Level 16.7 Evocations


You had 26 spell levels left.
You didn't know any spells.

Dungeon Overview and Level Annotations

Branches:
Dungeon (15/15)            Temple (1/1) D:5            Lair (6/6) D:10
 Shoals (4/4) Lair:4        Snake (4/4) Lair:3        Slime (5/5) Lair:5
    Orc (2/2) D:10            Elf (0/3) Orc:2        Vaults (4/5) D:13
  Crypt (0/3) Vaults:2     Depths (5/5) D:15            Zot (0/5) Depths:5

Altars:
Ashenzari
Cheibriados
Dithmenos
Elyvilon
Fedhas
Gozag
Hepliaklqana
Kikubaaqudgha
Makhleb
Nemelex Xobeh
Okawaru
Qazlal
Ru
Sif Muna
Trog
Uskayaw
Vehumet
Wu Jian
Xom
Yredelemnul
Zin
The Shining One
Beogh
Jiyva

Shops:
D:10 (   Orc:2 ?[:   Shoals:3 !   Shoals:4 *   Vaults:4 (

Portals:
Hell: Depths:1 Depths:2 Depths:4 Depths:5
Abyss: Depths:2 Depths:4 Depths:5
Pandemonium: Depths:1 Depths:4
Ziggurat: Depths:2
Trove: D:14 (give +2 storm dragon scales)

Annotations:
D:5 1 exclusion
Lair:5 exclusion: oklob plant
Lair:6 exclusion: 2 oklob plants
Snake:2 exclusion: Roxanne, Roxanne
Slime:5 Royal Jelly
Vaults:2 1 exclusion
Vaults:3 1 exclusion
Depths:2 1 runed door
Depths:3 exclusion: 2 statues


Innate Abilities, Weirdness & Mutations

You cannot be hasted, slowed, berserked, paralysed or teleported.
You can dig through walls and to a lower floor.
Your four strong arms can wield two-handed weapons with a shield.
You have a pair of large antennae on your head. (SInv)
Scrolls take you longer to read.
Your body often deteriorates upon taking damage.
You are very dopey. (Int -4)
Your magical capacity is low. (-10% MP)
You occasionally shout uncontrollably at your foes.
You are weak. (Str -2)
Potions are less effective at restoring your health.


Message History

You kill the acid blob!
That felt strangely unrewarding.
Nature churns violently around you! You block the azure jelly's attack.
The azure jelly hits you but does no damage.
You block the azure jelly's attack. x2; The azure jelly hits you!
* * * LOW HITPOINT WARNING * * *
The azure jelly freezes you. You resist.
Your resistance to physical damage fades away.
You feel protected from cold.
* * * LOW HITPOINT WARNING * * *
The azure jelly hits you but does no damage.
You block the azure jelly's attack. The azure jelly hits you.
* * * LOW HITPOINT WARNING * * *
The acid blob barely misses you.
The azure jelly is engulfed in blazing flames.
The azure jelly hits you.
* * * LOW HITPOINT WARNING * * *
The azure jelly freezes you. You resist.
You die...

........<...........#
#.............#....##
##.#...........≈...#
.............≈≈≈≈..##
...#......§§.≈≈.....#
...###.#..§§..≈≈≈..##
...#.............§##
..#......§....§§.J§##
.###.......§§§.§@J..#
## ##.....§§..§JJJ.##
.#.###.....§§..§..##
....#.#...#≈≈.<....##
...#.......#≈≈≈.....#
.####.##....≈≈......#
## ####...≈..≈..#.##
#........#####
##...#####


You could see an acid blob, 3 azure jellies and a death ooze.

Vanquished Creatures
  Mara (Depths:1)
  Mennas (Depths:2)
  The ghost of n0claF the Impregnable, a veteran MiFi of Okawaru (Depths:4)
  Frederick (Depths:3)
  4 caustic shrikes
  Nikola (Lair:4)
  the Enchantress (Depths:3)
  Jory (Depths:5)
  2 bone dragons (Depths:5)
  Jorgrun (Shoals:4)
  3 tentacled monstrosities (Depths:2)
  The ghost of Exporg the Brawler, an adept TrFi of Qazlal (Depths:3)
  21 acid blobs
  A kraken (Shoals:3)
  3 sphinxes
  Polyphemus (Shoals:4)
  4 tengu reavers
  Kirke (Snake:2)
  Ilsuiw (Shoals:3)
  13 nagarajas
  2 storm dragons
  9 azure jellies
  An iron dragon (Depths:4)
  Louise (Snake:4)
  A draconian scorcher (Depths:5)
  9 frost giants
  17 fire giants
  A draconian knight (Depths:5)
  A juggernaut zombie (Depths:1)
  16 vault wardens
  Aizul (Snake:4)
  A curse skull (Vaults:2)
  A deep elf elementalist (Depths:2)
  A draconian annihilator (Depths:3)
  15 very ugly things
  4 vampire knights
  11 ironheart preservers
  4 spriggan defenders
  36 stone giants
  3 deep elf demonologists
  2 green draconians (Depths:5)
  A black draconian (Depths:5)
  2 deep elf annihilators (Depths:3)
  2 yellow draconians (Depths:5)
  2 dire elephants (Depths:3)
  Azrael (D:14)
  5 spark wasps (Depths:2)
  A red draconian (Depths:5)
  A purple draconian (Depths:5)
  7 merfolk javelineers
  14 ettins
  2 crystal guardians
  Josephine (Shoals:1)
  A minotaur (shapeshifter) (D:15)
  The ghost of tidbits the Thaumaturge, a journeyman GnSk of Cheibriados (Shoals:3)
  13 merfolk impalers
  17 fire dragons
  2 green deaths
  7 rakshasas
  23 yaktaur captains
  9 death oozes
  2 deep elf high priests
  The ghost of RottenKnight the Thaumaturge, a journeyman MfSu of Sif Muna (Shoals:1)
  16 great orbs of eyes
  6 vault guards
  8 hydras
  A peacekeeper (Vaults:3)
  18 naga warriors
  11 spriggan air magi
  A catoblepas (Shoals:3)
  3 merfolk avatars
  8 anacondas
  A hell beast (Depths:4)
  4 death knights
  9 centaur warriors
  2 dancing weapons (D:13)
  6 ice dragons
  8 deep troll shamans
  5 merfolk aquamancers
  42 two-headed ogres
  A satyr (Shoals:1)
  5 tengu warriors
  A vampire mage (Depths:2)
  16 ogre magi
  11 deep troll earth magi
  4 death yaks
  6 spriggan berserkers
  6 orc high priests
  Urug (Lair:4)
  16 hell knights
  4 shock serpents
  16 naga sharpshooters
  11 deep elf knights
  A fire crab (shapeshifter) (Depths:2)
  3 flayed ghosts
  A salamander mystic (Snake:3)
  5 unseen horrors
  22 deep trolls
  3 glowing orange brains
  A sea snake (shapeshifter) (Depths:1)
  A shadow wraith (Vaults:3)
  12 skeletal warriors
  The ghost of RENEGADE the Cudgeler, a novice TrCK of Wu Jian (D:4)
  A gelid demonspawn (Depths:4)
  23 sea snakes
  18 orc knights
  4 naga ritualists
  A tengu zombie (Vaults:3)
  A harpy (shapeshifter) (Vaults:4)
  2 deep elf archers
  8 wizards
  17 ironbrand convokers
  3 phantasmal warriors
  23 harpies
  11 necromancers
  6 shining eyes
  A wolf spider zombie (D:13)
  10 mana vipers
  2 orc sorcerers
  20 ugly things
  2 wolf spiders
  21 deep elf magi
  21 manticores
  9 salamanders
  12 fauns
  A frost giant zombie (Depths:1)
  7 cyclopes
  22 elephants
  12 vault sentinels
  A rust devil (Depths:4)
  An eye of devastation (Slime:5)
  27 black mambas
  14 guardian serpents
  21 naga magi
  A black mamba (shapeshifter) (Vaults:2)
  8 merfolk sirens
  11 water nymphs
  Joseph (D:10)
  A guardian serpent (shapeshifter) (Vaults:4)
  6 spiny frogs
  2 human zombies (Vaults:3)
  A rime drake (shapeshifter) (Depths:4)
  An efreet (D:14)
  7 komodo dragons
  2 ice devils (Depths:4)
  6 rime drakes
  5 tengu conjurers
  7 freezing wraiths
  A golden dragon simulacrum (Depths:4)
  73 yaktaurs
  2 harpy zombies (Shoals:2)
  A queen bee (Lair:1)
  3 red devils (Depths:4)
  8 trolls
  15 wind drakes
  A troll (shapeshifter) (Vaults:2)
  37 merfolk
  7 polar bears
  A shadow dragon simulacrum (Vaults:3)
  Grinder (D:4)
  11 saltlings
  16 hornets
  20 dream sheep
  102 slime creatures
  2 blink frogs (shapeshifter)
  A fire dragon zombie (Depths:1)
  6 blink frogs
  15 hippogriffs
  2 stone giant simulacra
  13 snapping turtles
  3 air elementals
  11 spriggans
  A vampire (D:13)
  46 yaks
  A shadow (D:13)
  A tarantella (shapeshifter) (Vaults:4)
  7 wyverns
  4 fire elementals
  10 wraiths
  A wyvern (shapeshifter) (Depths:3)
  19 water elementals
  A yak (shapeshifter) (D:14)
  5 basilisks
  A basilisk (shapeshifter) (Depths:5)
  2 hogs (Snake:2)
  A steam dragon (shapeshifter) (D:15)
  A golden eye (shapeshifter) (Depths:1)
  2 humans (shapeshifter) (D:15)
  3 hungry ghosts
  39 nagas
  8 wargs
  Edmund (D:4)
  An acid dragon (D:14)
  4 hell hounds (D:14)
  19 water moccasins
  8 porcupines
  3 floating eyes
  51 orc warriors
  4 eyes of draining
  4 ice beasts
  4 black bears
  An elf zombie (Vaults:3)
  7 sky beasts
  5 necrophages
  3 phantoms
  21 boggarts
  31 ogres
  A black bear (shapeshifter) (D:15)
  15 wolves
  17 centaurs
  11 crocodiles
  2 big kobolds
  4 hippogriff zombies (Shoals:2)
  18 bullfrogs
  2 scorpions (D:4)
  2 human simulacra
  35 killer bees
  4 howler monkeys
  20 wights
  3 electric eels (D:10)
  6 crimson imps
  5 centaur zombies
  2 bullfrog zombies
  13 jellies
  A quasit (D:5)
  43 orc priests
  4 centaur skeletons
  A gnoll shaman (D:8)
  6 hounds
  2 bullfrog skeletons (D:7)
  3 iguanas
  An iron imp (Depths:4)
  9 worker ants
  24 orc wizards
  A big kobold zombie (Ossuary)
  3 hound zombies
  A hound skeleton (D:8)
  10 mummies
  A worker ant zombie (D:10)
  A howler monkey zombie (D:8)
  A howler monkey skeleton (D:8)
  17 adders
  12 gnolls
  8 shadow imps
  3 white imps
  An ufetubus (Depths:4)
  5 oozes
  An adder skeleton (D:4)
  A worm (D:3)
  A dart slug (D:1)
  7 leopard geckos
  108 orcs
  2 ball pythons
  A bat zombie (Shoals:2)
  4 giant cockroaches
  12 goblins
  6 hobgoblins
  13 jackals
  15 kobolds
  5 quokkas
  7 bats
  2 frilled lizards
  A goblin skeleton (D:5)
  2 goblin zombies (D:5)
  6 hobgoblin zombies
  2 jackal zombies
  3 kobold skeletons (D:5)
  2 kobold zombies (Ossuary)
  An orc skeleton (D:5)
  3 orc zombies
  A quokka skeleton (D:4)
  A quokka zombie (D:7)
  19 rats
  2 butterflies (Lair:4)
  3 plants (Depths:5)
  7 tentacles (Shoals:3)
2221 creatures vanquished.

Vanquished Creatures (others)
  A deep elf annihilator (Depths:3)
  A rakshasa (Depths:3)
  2 spriggan air magi
  A deep troll earth mage (Depths:4)
  A shadow wraith (Vaults:4)
  A flayed ghost (Depths:4)
  2 wizards (Depths:3)
  3 deep elf magi (Depths:3)
  A black mamba (Snake:3)
  A yaktaur (Vaults:1)
  A tengu conjurer (Depths:3)
  A dream sheep (Shoals:3)
  2 air elementals
  A water elemental (Depths:1)
  A human (Snake:2)
  An orc wizard (D:15)
  A shadow imp (D:14)
  7 fungi
  37 plants
  25 tentacles (Shoals:3)
91 creatures vanquished.

Grand Total: 2312 creatures vanquished

Notes
Turn   | Place    | Note
-------+----------+-------------------------------------------
     0 | D:1      | GreatBrownShark the Formicid Fighter began the quest for the Orb.
     0 | D:1      | Reached XP level 1. HP: 18/18 MP: 1/1
   133 | D:1      | Reached skill level 1 in Polearms
   133 | D:1      | Reached XP level 2. HP: 15/24 MP: 0/2
   327 | D:1      | Reached XP level 3. HP: 21/29 MP: 1/3
   873 | D:1      | Reached XP level 4. HP: 33/35 MP: 1/4
  1546 | D:2      | Found an opulent altar of Gozag.
  1702 | D:2      | Found a radiant altar of Vehumet.
  1889 | D:3      | Found a sparkling altar of Nemelex Xobeh.
  1917 | D:3      | Reached XP level 5. HP: 29/41 MP: 1/5
  2341 | D:3      | Found a sacrificial altar of Ru.
  2468 | D:3      | Reached skill level 5 in Polearms
  2658 | D:4      | Reached XP level 6. HP: 40/47 MP: 2/6
  2871 | D:4      | Noticed Grinder
  2977 | D:4      | Noticed a phantom
  3006 | D:4      | Noticed RENEGADE's ghost (novice TrCK)
  3010 | D:5      | Entered Level 5 of the Dungeon
  3232 | D:5      | Reached XP level 7. HP: 36/52 MP: 2/7
  3428 | D:5      | Found a glowing golden altar of the Shining One.
  3519 | D:5      | Found a burning altar of Makhleb.
  3842 | D:5      | Found a staircase to the Ecumenical Temple.
  3847 | Temple   | Entered the Ecumenical Temple
  3894 | Temple   | Became a worshipper of Qazlal Stormbringer
  4111 | D:5      | Reached XP level 8. HP: 37/58 MP: 2/8
  4252 | D:5      | Found an ancient bone altar of Kikubaaqudgha.
  4398 | D:5      | Found a snail-covered altar of Cheibriados.
  5199 | D:6      | Reached * piety under Qazlal
  5207 | D:6      | Reached skill level 10 in Polearms
  5261 | D:6      | Found a shattered altar of Ashenzari.
  5336 | D:6      | Reached XP level 9. HP: 64/64 MP: 3/9
  6394 | D:7      | Found an iron altar of Okawaru.
  6447 | D:8      | Reached ** piety under Qazlal
  6518 | D:8      | Reached XP level 10. HP: 60/70 MP: 3/10
  6748 | D:8      | Found a bloodstained altar of Trog.
  6830 | D:8      | Found a sand-covered staircase.
  7006 | Ossuary  | Entered an ossuary
  7592 | D:8      | Reached *** piety under Qazlal
  8176 | D:9      | Reached skill level 1 in Dodging
  8204 | D:9      | Reached skill level 4 in Shields
  8204 | D:9      | Reached skill level 1 in Invocations
  9168 | D:9      | HP: 3/70 [necrophage (7)]
  9558 | D:9      | Reached skill level 5 in Shields
  9611 | D:9      | Reached **** piety under Qazlal
  9692 | D:9      | Reached XP level 11. HP: 52/78 MP: 4/12
 10163 | D:9      | Found a bloodstained altar of Trog.
 10470 | D:10     | Entered Level 10 of the Dungeon
 10502 | D:9      | Reached skill level 5 in Armour
 10679 | D:10     | Reached skill level 5 in Fighting
 10923 | D:9      | Reached skill level 6 in Shields
 11028 | D:10     | Noticed Joseph
 11179 | D:10     | Killed Joseph
 11815 | D:10     | Found Qier's Weapon Boutique.
 12198 | D:10     | Found a staircase to the Lair.
 12574 | D:10     | Found a staircase to the Orcish Mines.
 12898 | D:4      | Killed RENEGADE's ghost
 13077 | D:4      | Killed Grinder
 13145 | D:4      | Reached skill level 7 in Shields
 13238 | D:4      | Noticed Edmund
 13315 | D:4      | Killed Edmund
 13344 | D:4      | Found a white marble altar of Elyvilon.
 13865 | Lair:1   | Entered Level 1 of the Lair of Beasts
 14355 | Lair:1   | Reached XP level 12. HP: 73/87 MP: 5/15
 14396 | Lair:1   | Reached skill level 5 in Dodging
 15001 | Lair:1   | Reached ***** piety under Qazlal
 15055 | Lair:1   | Reached skill level 8 in Shields
 16065 | Lair:2   | Got a bronze ring mail
 16211 | Lair:1   | Identified the +3 ring mail "Nemuat" {rPois Int+2} (You found it on level 2 of the Lair of Beasts)
 16339 | Lair:1   | Reached skill level 9 in Shields
 16537 | Lair:2   | Found an ancient bone altar of Kikubaaqudgha.
 17474 | Lair:3   | Found a staircase to the Snake Pit.
 17586 | Lair:3   | Reached XP level 13. HP: 57/98 MP: 5/16
 18484 | Lair:4   | Noticed a seven-headed hydra
 18515 | Lair:4   | Killed a seven-headed hydra
 18741 | Lair:4   | Reached skill level 10 in Shields
 18759 | Lair:4   | Found a staircase to the Shoals.
 20043 | Lair:4   | Reached skill level 10 in Fighting
 20073 | Lair:4   | Reached skill level 10 in Armour
 20456 | Lair:5   | Noticed Urug
 20514 | Lair:4   | Killed Urug
 20872 | Lair:5   | Reached skill level 11 in Shields
 21153 | D:10     | Bought the +8 lance "Wyrmbane" {slay drac, rPois rF+ rC+ AC+3} for 1131 gold pieces
 21153 | D:10     | Found the +8 lance "Wyrmbane" {slay drac, rPois rF+ rC+ AC+3}
 21402 | Lair:5   | Found a staircase to the Slime Pits.
 21617 | Lair:5   | Reached XP level 14. HP: 111/111 MP: 17/17
 22112 | Lair:6   | Entered Level 6 of the Lair of Beasts
 22414 | Lair:5   | Reached ****** piety under Qazlal
 22871 | Lair:6   | Reached skill level 12 in Shields
 23860 | Lair:6   | Reached skill level 5 in Invocations
 24118 | Lair:6   | Got a faintly glowing jade amulet
 24119 | Lair:6   | Identified the Volume of the Snowflakes
 24143 | Lair:6   | Got a pitted amethyst amulet
 24455 | Lair:6   | Identified the amulet "Ziduf" {RegenMP +Inv rN+} (You found it on level 6 of the Lair of Beasts)
 24457 | Lair:6   | Identified the amulet "Yggoaqiu" {Harm *Drain Fragile rPois rF++ MR-} (You found it on level 6 of the Lair of Beasts)
 24614 | Orc:1    | Entered Level 1 of the Orcish Mines
 25009 | D:10     | Reached XP level 15. HP: 119/119 MP: 19/19
 25286 | Orc:1    | Found a roughly hewn altar of Beogh.
 25599 | Orc:2    | Entered Level 2 of the Orcish Mines
 25644 | Orc:2    | Noticed a stone giant
 25663 | Orc:2    | Killed a stone giant
 26390 | Orc:2    | Found a staircase to the Elven Halls.
 26958 | Orc:2    | Gained mutation: Your body sometimes deteriorates upon taking damage. [a neqoxec]
 27189 | Orc:2    | Reached skill level 13 in Shields
 27195 | Orc:2    | Reached skill level 10 in Dodging
 27374 | Orc:2    | Found Fiuforib's Magic Scroll Shoppe.
 27377 | Orc:2    | Found Womurgh's Antique Armour Shoppe.
 27378 | Orc:2    | Found Zuliych's Book Shoppe.
 27379 | Orc:2    | Found Ilu Xur's Antique Armour Emporium.
 28841 | D:12     | Got a vibrating pewter ring
 29427 | D:13     | Found a shimmering altar of Xom.
 29480 | D:13     | Reached XP level 16. HP: 129/129 MP: 23/23
 29777 | D:12     | Reached skill level 10 in Invocations
 30219 | D:13     | Found a gate to the Vaults.
 31503 | D:14     | Found a portal to a secret trove of treasure.
 31965 | D:15     | Entered Level 15 of the Dungeon
 31974 | D:15     | Noticed Azrael
 32373 | D:14     | Reached skill level 14 in Shields
 32612 | D:14     | Killed Azrael
 33213 | D:14     | Identified the cursed ring "Dedyaloc" {EV-3 Dex+4 Slay-3 SInv} (You took it off an orc warrior on level 12 of the Dungeon)
 33698 | D:15     | Found a staircase to the Depths.
 33928 | Snake:1  | Entered Level 1 of the Snake Pit
 33988 | Snake:1  | Reached XP level 17. HP: 110/137 MP: 25/25
 35162 | Snake:2  | Noticed Kirke
 35277 | Snake:2  | Killed Kirke
 35302 | Snake:2  | Noticed Roxanne
 35905 | Snake:2  | Reached skill level 15 in Shields
 38269 | Snake:4  | Entered Level 4 of the Snake Pit
 38316 | Snake:4  | Reached XP level 18. HP: 147/147 MP: 26/26
 38369 | Snake:4  | Noticed Louise
 38672 | Snake:4  | Noticed Aizul
 38705 | Snake:4  | Killed Aizul
 39236 | Snake:4  | Killed Louise
 40347 | Snake:4  | Reached skill level 16 in Shields
 40597 | Snake:4  | Reached skill level 15 in Fighting
 41006 | Snake:4  | Reached skill level 15 in Armour
 41819 | Snake:4  | Got a serpentine rune of Zot
 42130 | Snake:3  | Reached XP level 19. HP: 106/155 MP: 27/27
 42986 | Vaults:1 | Entered Level 1 of the Vaults
 44299 | Vaults:1 | Reached skill level 17 in Shields
 45596 | Orc:2    | Bought a glowing scarf for 240 gold pieces
 45742 | Shoals:1 | Entered Level 1 of the Shoals
 45746 | Shoals:1 | Noticed Josephine
 45764 | Shoals:1 | Killed Josephine
 45787 | Shoals:1 | Noticed RottenKnight's ghost (journeyman MfSu)
 46022 | Shoals:1 | Noticed Nikola
 46039 | Shoals:1 | Killed RottenKnight's ghost
 46062 | Lair:4   | Killed Nikola
 47577 | Shoals:1 | Reached XP level 20. HP: 85/165 MP: 28/28
 48548 | Shoals:2 | Identified a scroll of acquirement
 48551 | Shoals:2 | Got a faintly glowing emerald amulet
 48553 | Shoals:2 | Identified the amulet of Harpha {Faith MR+ Dex-4 Slay+3 Stlth+} (You acquired it on level 2 of the Shoals)
 49198 | Shoals:3 | Noticed tidbits's ghost (journeyman GnSk)
 50351 | Shoals:3 | Killed tidbits's ghost
 50360 | Shoals:3 | Found Qefarap's Distillery.
 50958 | Shoals:4 | Entered Level 4 of the Shoals
 50958 | Shoals:4 | Noticed Jorgrun
 51026 | Shoals:4 | Noticed Ilsuiw
 51191 | Shoals:3 | Reached skill level 18 in Shields
 51842 | Shoals:3 | Killed Ilsuiw
 51957 | Shoals:4 | Noticed Polyphemus
 52140 | Shoals:4 | Killed Polyphemus
 52364 | Shoals:4 | Killed Jorgrun
 52647 | Shoals:4 | Reached XP level 21. HP: 164/174 MP: 29/29
 52963 | Shoals:4 | Found Ediorch's Assorted Antiques.
 53468 | Shoals:4 | Found the amulet of the Four Winds {rN+ MR+++ Clar}
 53501 | Shoals:4 | Got a barnacled rune of Zot
 53871 | Shoals:3 | Bought a potion of might for 64 gold pieces
 53871 | Shoals:3 | Bought a potion of ambrosia for 128 gold pieces
 53871 | Shoals:3 | Bought a potion of ambrosia for 128 gold pieces
 53871 | Shoals:3 | Bought a potion of curing for 48 gold pieces
 54015 | Slime:1  | Entered Level 1 of the Pits of Slime
 55373 | Vaults:2 | Found a staircase to the Crypt.
 57020 | Vaults:2 | Reached XP level 22. HP: 138/182 MP: 32/32
 57345 | Vaults:3 | Found a ruined gateway.
 57377 | Desolati | Entered the Desolation of Salt
 57406 | Vaults:3 | Reached skill level 15 in Invocations
 57414 | Vaults:3 | HP: 6/182 [deep elf mage/bolt of lightning[an ironheart preserver] (29)]
 60544 | Vaults:4 | Reached skill level 15 in Dodging
 60567 | Vaults:4 | Reached skill level 19 in Shields
 60916 | Vaults:4 | Reached XP level 23. HP: 137/190 MP: 36/36
 61294 | Vaults:4 | Found Gaempapa's Weapon Shoppe.
 62615 | Depths:1 | Entered Level 1 of the Depths
 63531 | Depths:1 | Found a gateway to Hell.
 63940 | Depths:1 | Found a one-way gate leading to the halls of Pandemonium.
 64360 | Depths:2 | Noticed Mara
 64446 | Depths:2 | Noticed GreatBrownShark's illusion
 64715 | Depths:1 | Reached skill level 20 in Shields
 64748 | Depths:2 | Noticed GreatBrownShark's illusion
 64934 | Depths:1 | Noticed GreatBrownShark's illusion
 64987 | Depths:1 | Noticed GreatBrownShark's illusion
 65003 | Depths:1 | Noticed GreatBrownShark's illusion
 65018 | Depths:1 | Killed Mara
 65018 | Depths:1 | Reached XP level 24. HP: 79/199 MP: 26/36
 65732 | Depths:2 | Noticed a caustic shrike
 65976 | Depths:1 | Killed a caustic shrike
 67856 | Depths:2 | Found a runed door.
 67860 | Depths:2 | Noticed a juggernaut
 68053 | Depths:2 | Reached XP level 25. HP: 163/208 MP: 36/36
 68443 | Depths:2 | Found a gateway to a ziggurat.
 68494 | Depths:2 | Reached skill level 21 in Shields
 68500 | Depths:2 | Got a vibrating ruby amulet
 68586 | Depths:2 | Found an opulent altar of Gozag.
 68587 | Depths:2 | Found a glowing golden altar of the Shining One.
 68588 | Depths:2 | Found an opulent altar of Gozag.
 68588 | Depths:2 | Found a snail-covered altar of Cheibriados.
 68590 | Depths:2 | Found a one-way gate to the infinite horrors of the Abyss.
 68758 | Depths:2 | Identified Cecwilol's Grimoire of Congealing Talismans
 68898 | Depths:2 | Identified the Collected Works on Twisted Evil Secrets
 69081 | Depths:2 | Identified the amulet of Osur Hom {Regen+ Dex+3} (You took it off a spriggan air mage on level 2 of the Depths)
 69083 | Depths:2 | Identified the +11 spear of Seolik {freeze, rN++ MR++ Dex-5} (You found it on level 2 of the Depths)
 69229 | Depths:2 | Found the -1 mace of Variability {chaos}
 69451 | Depths:3 | Noticed Mennas
 69598 | Depths:3 | Noticed Exporg's ghost (adept TrFi)
 70600 | Depths:2 | Killed Mennas
 71231 | Depths:3 | Killed Exporg's ghost
 73053 | Depths:4 | Noticed the Enchantress
 73083 | Depths:3 | Killed the Enchantress
 73364 | Depths:4 | Noticed n0claF's ghost (veteran MiFi)
 73584 | Depths:3 | Reached skill level 1 in Evocations
 74004 | Depths:4 | Reached XP level 26. HP: 216/219 MP: 36/36
 74030 | Depths:3 | Reached skill level 5 in Evocations
 75119 | Depths:3 | Noticed Frederick
 75130 | Depths:3 | Killed Frederick
 75433 | Depths:4 | Killed n0claF's ghost
 76231 | Depths:5 | Entered Level 5 of the Depths
 76695 | Depths:5 | Reached skill level 10 in Evocations
 76825 | Depths:5 | Noticed Jory
 76858 | Depths:5 | Killed Jory
 77912 | Depths:5 | Found a gate to the Realm of Zot.
 79644 | Slime:1  | Found a viscous altar of Jiyva.
 79807 | Slime:1  | Reached XP level 27. HP: 193/226 MP: 33/36
 80162 | Slime:2  | Gained mutation: Your body often deteriorates upon taking damage. [a shining eye]
 80163 | Slime:2  | Gained mutation: Scrolls take you a little longer to read. [a shining eye]
 81030 | Slime:2  | Reached skill level 15 in Evocations
 81658 | Slime:4  | Gained mutation: You are weak. (Str -2) [a shining eye]
 81679 | Slime:4  | Gained mutation: You occasionally shout uncontrollably at your foes. [a shining eye]
 81679 | Slime:4  | Gained mutation: You are dopey. (Int -2) [a shining eye]
 81683 | Slime:3  | Gained mutation: Potions are less effective at restoring your health. [a shining eye]
 82173 | Slime:5  | Entered Level 5 of the Pits of Slime
 82204 | Slime:5  | Noticed the Royal Jelly
 82340 | Slime:5  | Gained mutation: Your magical capacity is low. (-10% MP) [a shining eye]
 82341 | Slime:5  | Gained mutation: Scrolls take you longer to read. [a shining eye]
 82343 | Slime:4  | Gained mutation: You are very dopey. (Int -4) [a shining eye]
 84061 | Slime:4  | HP: 10/226 [azure jelly[the Royal Jelly] (6)]
 84061 | Slime:4  | HP: 2/226 [azure jelly[the Royal Jelly] (4)]
 84061 | Slime:4  | Slain by an azure jelly

Skill      XL: |  1  2  3  4  5  6  7  8  9 10 11 12 13 14 15 16 17 18 19 20 21 22 23 24 25 26 27 |
---------------+----------------------------------------------------------------------------------+-----
Polearms       | 1 2 3 4 5 6 8 10 12 13 | 13.4
Dodging        | 2 4 6 8 9 10 11 12 13 14 15 16 | 16.6
Shields        | 5 7 9 11 12 13 14 15 16 17 18 19 20 21 | 21.9
Invocations    | 2 4 6 9 11 14 18 | 18.0
Armour         | 4 6 8 10 11 12 13 14 15 16 17 18 19 20 | 20.3
Fighting       | 4 6 8 10 11 12 13 14 15 16 17 18 19 20 | 20.4
Evocations     | 4 14 16 | 16.7
Maces & Flails | |  2.0

Action                   |  1- 3 |  4- 6 |  7- 9 | 10-12 | 13-15 | 16-18 | 19-21 | 22-24 | 25-27 || total
-------------------------+-------+-------+-------+-------+-------+-------+-------+-------+-------++-------
Melee: Flail             |    15 |       |       |       |       |       |       |       |       ||    15
       Spear             |    89 |   218 |   499 |  1798 |   645 |       |       |       |       ||  3249
       Lance             |       |       |       |       |  1490 |  2476 |  2879 |  2704 |  2270 || 11819
       Unarmed           |       |       |       |       |       |     1 |       |       |       ||     1
Invok: Upheaval          |       |       |       |       |     1 |     1 |       |     4 |       ||     6
       Disaster Area     |       |       |       |       |       |       |     4 |     2 |     2 ||     8
       Elemental Force   |       |       |       |       |       |       |       |       |     1 ||     1
 Abil: Dig               |       |       |    10 |     7 |     2 |     5 |     2 |     1 |    22 ||    49
       Evoke Invisibilit |       |       |       |       |     1 |       |       |       |       ||     1
       Shaft Self        |       |       |       |       |       |     1 |       |       |       ||     1
Evoke: Lamp of fire      |       |       |       |       |       |     1 |       |       |       ||     1
       Box of beasts     |       |       |       |       |       |     1 |       |       |       ||     1
       Wand              |       |       |       |       |       |       |       |       |     1 ||     1
  Use: Scroll            |       |     4 |     3 |    13 |     5 |     4 |     8 |     5 |     5 ||    47
       Potion            |       |       |     1 |     1 |     1 |     8 |     6 |     2 |     5 ||    24
 Stab: Distracted        |       |       |       |       |     1 |       |     1 |     1 |     2 ||     5
       Invisible         |       |       |       |       |       |       |     1 |       |       ||     1
  Eat: Chunk             |       |     8 |    26 |    44 |    29 |    10 |    29 |    24 |    29 ||   199
       Ration            |       |       |       |       |     1 |     9 |     7 |     4 |     8 ||    29
Armor: Scale mail        |    21 |       |       |       |       |       |       |       |       ||    21
       Ring mail         |     9 |    61 |   112 |   223 |   267 |   163 |    17 |       |       ||   852
       Plate armour      |       |       |       |       |       |       |   430 |   267 |   306 ||  1003
Dodge: Dodged            |    21 |    47 |   117 |   343 |   413 |   460 |   477 |   341 |   401 ||  2620
       Deflected         |       |       |       |    14 |     8 |    81 |    51 |    44 |    39 ||   237
Block: Shield            |    47 |    70 |   186 |   884 |  1255 |  1431 |   206 |       |       ||  4079
       Other             |       |       |       |       |       |     1 |       |       |       ||     1
       Large shield      |       |       |       |       |       |       |  2072 |  1713 |  1955 ||  5740
